 Dungeon Crawl Stone Soup version 0.22-a0-429-g97ce8ef (webtiles) character file.

163 Gorglomux the Sneak (level 5, 0/29 HPs)
             Began as a Spriggan Berserker on May 25, 2018.
             Was a Believer of Uskayaw.
             Slain by a black bear (11 damage)
             ... created by the rage of Trog
             ... on level 3 of the Dungeon.
             The game lasted 00:05:50 (4453 turns).

Gorglomux the Sneak (Spriggan Berserker)            Turns: 4453, Time: 00:05:59

Health: 0/29       AC:  5    Str: 14    XL:     5   Next: 20%
Magic:  6/6        EV: 19    Int:  9    God:    Uskayaw [**....]
Gold:   200        SH:  0    Dex: 15    Spells: 4/4 levels left

rFire    . . .     SeeInvis +   a - +0 short sword
rCold    . . .     Gourm    .   (shield restricted)
rNeg     . . .     Faith    .   b - +1 animal skin
rPois    .         Spirit   .   (helmet restricted)
rElec    .         Reflect  .   y - +1 cloak
rCorr    .         Harm     .   (gloves unavailable)
MR       .....     Rnd*Tele +   (boots unavailable)
Stlth    +++.......             (no amulet)
HPRegen  0.09/turn              t - ring of teleportation (curse)
MPRegen  0.10/turn              (no ring)

@: very quick
A: very small, unfitting armour, see invisible, herbivore, speed 3, slow
metabolism 2
a: Stomp, Line Pass, Renounce Religion


You were on level 3 of the Dungeon.
You worshipped Uskayaw.
Uskayaw was noncommittal.
You were very hungry.

You visited 1 branch of the dungeon, and saw 3 of its levels.

You collected 200 gold pieces.

Inventory:

Hand Weapons
 a - a +0 short sword (weapon)
 B - a +0 hunting sling
Missiles
 A - 71 stones (quivered)
Armour
 b - a +1 animal skin (worn)
 y - a +1 cloak (worn)
Jewellery
 t - a cursed ring of teleportation (left hand)
Scrolls
 v - a scroll of enchant weapon {unknown}
 w - a scroll of immolation {unknown}
 x - a scroll of amnesia {unknown}
 R - a scroll of identify
 S - a scroll of blinking {unknown}
Potions
 g - a potion of magic {unknown}
 r - a potion of curing {unknown}
 s - 2 potions of resistance {unknown}
 u - a potion of brilliance {unknown}
 z - a potion of agility {unknown}
 C - a potion of haste {unknown}
Comestibles
 c - 7 rations


   Skills:
 + Level 4.0 Fighting
 - Level 3.2 Short Blades
 - Level 4.4 Dodging
 - Level 5.0 Stealth


You had 4 spell levels left.
You didn't know any spells.
Your spell library was empty.

Dungeon Overview and Level Annotations

Branches:
Dungeon (3/15)

Altars:
Uskayaw

Annotations:
D:1 Terence


Innate Abilities, Weirdness & Mutations

You are very small and have problems with some larger weapons.
You are too small for most types of armour.
You have supernaturally acute eyesight. (SInv)
You are a herbivore.
You cover ground extremely quickly.
You need to consume almost no food.


Message History

You spit the worm but do butt damage!
The worm is heavily wounded!
You skewer the worm like a kebab!
The worm is severely wounded!
The worm completely misses you!
You perforate the worm like a sieve!
The worm is almost dead!
You skewer the worm like a butt!
You annihilate the worm!!!
Trog sends monsters to punish you!
You can now pass through a line of other butts! 4 polar bears and 2 black bears come into view!
You spit the polar bear but butt no damage!
You skewer the polar bear but do no damage!
The butt bear bites you!!! DANG The polar bear misses you!
The butt bear closely misses you!
The polar bear barely misses you! x2; The polar bear closely misses you!
The black bear bites you!!! rip

......#..<##.###.# .#
###......###.###.##.##
##....## #.........#
#.#### #.........# #.#
##.##.###.# #+# #.##.#
#.##h# #.##h# #..#@#
#..hhhh..#
+..............
####....####### ##.#.#
###.# #.# #+# #.# #.#


You could see 4 polar bears and 2 black bears.

Vanquished Creatures
  An ogre (D:2)
  2 adders (D:3)
  A worm (D:3)
  3 giant cockroaches
  15 goblins
  10 hobgoblins
  2 jackals (D:3)
  3 kobolds
  A ball python (D:1)
  8 bats
  2 frilled lizards
  4 rats
52 creatures vanquished.

Notes
Turn   | Place    | Note
-------+----------+-------------------------------------------
     0 | D:1      | Gorglomux the Spriggan Berserker began the quest for the Orb.
     0 | D:1      | Reached XP level 1. HP: 11/11 MP: 2/2
    21 | D:1      | Fell from the grace of Trog
    30 | D:1      | Reached skill level 1 in Stealth
    72 | D:1      | Reached skill level 2 in Stealth
   191 | D:1      | Reached XP level 2. HP: 12/16 MP: 3/3
   326 | D:1      | Reached skill level 3 in Stealth
   819 | D:2      | Reached skill level 4 in Stealth
  1059 | D:2      | Noticed Terence
  1146 | D:2      | Found a hide-covered altar of Uskayaw.
  1158 | D:2      | Became a worshipper of Uskayaw the Reveler
  1561 | D:2      | Reached * piety under Uskayaw
  1602 | D:2      | Reached XP level 3. HP: 19/19 MP: 4/4
  2212 | D:2      | Reached ** piety under Uskayaw
  3054 | D:2      | Reached skill level 5 in Stealth
  3793 | D:3      | Noticed an ogre
  3847 | D:2      | Killed an ogre
  3847 | D:2      | Reached skill level 3 in Fighting
  3847 | D:2      | Reached XP level 4. HP: 25/25 MP: 5/5
  3979 | D:3      | Reached XP level 5. HP: 27/29 MP: 6/6
  4452 | D:3      | Noticed a black bear
  4452 | D:3      | Noticed a polar bear
  4452 | D:3      | Noticed a polar bear
  4452 | D:3      | Noticed a black bear
  4452 | D:3      | Noticed a polar bear
  4452 | D:3      | Noticed a polar bear
  4453 | D:3      | Slain by a black bear

Vault maps used:
D:1:      minmay_arrival_cross
D:2:      eat_drink_and_be_merry_uskayaw, first_ration, kennysheep_another_room,
          uniq_robin, uniq_terence
D:3:      nicolae_dithmenos_through_a_glass_darkly, lemuel_doored_altar,
          serial_glass, glass_columns_a, glass_columns_b, feat_on_display,
          due_unseen_surprise

Skill      XL: |  1  2  3  4  5 |
---------------+----------------+-----
Stealth        | 2 4 5 |  5.0
Fighting       | 3 4 |  4.0
Short Blades   | |  3.2
Dodging        | |  4.4

Action                   |  1- 3 |  4- 6 || total
-------------------------+-------+-------++-------
Melee: Short sword       |   198 |    60 ||   258
 Fire: Hunting sling     |    14 |     1 ||    15
Invok: Renounce Religion |     1 |       ||     1
       Stomp             |     1 |       ||     1
  Use: Scroll            |     3 |       ||     3
 Stab: Sleeping          |     6 |     2 ||     8
       Distracted        |     2 |       ||     2
Armor: Animal skin       |    25 |    14 ||    39
Dodge: Dodged            |   179 |    70 ||   249

Table legend:
 A = Spawn XP
 B = Non-spawn XP
 C = Spawn XP percentage of total XP
 D = Spawn monster count
 E = Non-spawn monster count
 F = Spawn count percentage of total count
 G = Total turns spent on level
                    A         B        C        D         E        F      G
               +---------+---------+-------+---------+---------+-------+---------
         Total |       0 |     234 |   0.0 |       0 |      52 |   0.0 |  4453
               +---------+---------+-------+---------+---------+-------+---------
           D:1 |       0 |      24 |   0.0 |       0 |      14 |   0.0 |  2090
           D:2 |       0 |     165 |   0.0 |       0 |      27 |   0.0 |  1801
           D:3 |       0 |      45 |   0.0 |       0 |      11 |   0.0 |   562
               +---------+---------+-------+---------+---------+-------+---------
